 Dungeon Sprint DCSS version 0.28.0-47-ge53b351184 (webtiles) character file.

Game seed: 9090930425505317058

40010 boopmooplesden the Executioner (level 13, -2/217 HPs)
             Began as a Minotaur Berserker on Apr 26, 2022.
             Was the Champion of Trog.
             Slain by the 26-headed Lernaean hydra (8 damage)
             ... in the Dungeon (Sprint III: "The Ten Rune Challenge").
             The game lasted 00:11:51 (5739 turns).

boopmooplesden the Executioner (Minotaur Berserker) Turns: 5739, Time: 00:11:52

Health: -2/217     AC: 13    Str: 22    XL:     13   Next: 2%
Magic:  12/12      EV: 16    Int:  4    God:    Trog [******]
Gold:   598        SH:  0    Dex: 15    Spells: 12/12 levels left

rFire   + . .      SeeInvis .   C - +2 executioner's axe (flame)
rCold   . . .      Faith    .   (shield currently unavailable)
rNeg    . . .      Spirit   .   t - +2 scale mail {rPois}
rPois   +          Reflect  .   u - +1 hat {Stlth+}
rElec   .          Harm     .   (no cloak)
rCorr   .          Rampage  .   (no gloves)
Will    .....      NoTele   +   (no boots)
Stlth   ..........              A - amulet of the acrobat
HPRegen 0.46/turn               B - ring of protection from fire
MPRegen 0.13/turn               (no ring)

@: berserking, very quick
A: horns 2, retaliatory headbutt
}: 1/10 runes: barnacled
a: Renounce Religion, Berserk, Trog's Hand, Brothers in Arms


You were in the Dungeon.
You worshipped Trog.
Trog was exalted by your worship.
You visited 1 branch You collected 2137 gold pieces.
You spent 1539 gold pieces at shops.

Inventory:

Hand Weapons
 a - a +0 hand axe
 o - a +2 long sword of holy wrath
 r - a +2 antimagic battleaxe
 s - the +4 battleaxe "Fyexapso" {vorpal, Will+}
   (Trog gifted it to you in the Dungeon)

   It inflicts extra damage upon your enemies.
   Will:      It increases your willpower.
 y - a +7 triple sword of holy wrath
 z - a +2 great sword of flaming
 C - a +2 executioner's axe of flaming (weapon)
Armour
 b - a +0 animal skin
 c - the +9 plate armour of the Imp {Int-3 Dex+8}
   (You bought it in a shop in the Dungeon)

   Int:       It affects your intelligence (-3).
   Dex:       It affects your dexterity (+8).
 d - +0 swamp dragon scales
 t - a +2 scale mail of poison resistance (worn)
 u - a +1 hat of stealth (worn)
Jewellery
 A - an amulet of the acrobat (around neck)
 B - a ring of protection from fire (left hand)
Wands
 m - a wand of iceblast (8)
 q - a wand of digging (5)
Scrolls
 i - a scroll of holy word
 j - 4 scrolls of identify
Potions
 e - a potion of haste
 f - 2 potions of magic
 g - a potion of berserk rage
 k - 3 potions of flight
 l - 6 potions of mutation
 n - a potion of might
 w - a potion of attraction {unknown}
 x - a potion of cancellation {unknown}
Miscellaneous
 p - a tin of tremorstones (2/2)


   Skills:
 + Level 22.0 Fighting
 + Level 9.8 Long Blades
 + Level 24.4 Axes
 + Level 16.1 Armour
 + Level 12.8 Dodging
 + Level 6.7 Stealth
 + Level 1.9 Evocations


You had 12 spell levels left.
You didn't know any spells.
Your spell library was empty.

Dungeon Overview and Level Annotations

Branches:
Dungeon (1/1)

Altars:
Cheibriados
Dithmenos
Elyvilon
Fedhas
Gozag
Hepliaklqana
Kikubaaqudgha
Makhleb
Nemelex Xobeh
Okawaru
Qazlal
Ru
Sif Muna
Trog
Uskayaw
Vehumet
Wu Jian
Xom
Yredelemnul
Zin
The Shining One
Beogh
Jiyva
Lugonu

Shops:
D !(=[:?[

Annotations:
D Lernaean hydra


Innate Abilities, Weirdness & Mutations

You have a pair of horns on your head.
You reflexively headbutt those who attack you in melee.


Message History

The 27-headed Lernaean hydra bites you but does no damage.
The 27-headed Lernaean hydra barely misses you.
The 27-headed Lernaean hydra bites you.
The 27-headed Lernaean hydra closely misses you.
The 27-headed Lernaean hydra bites you but does no damage.
The 27-headed Lernaean hydra misses you. x2
The 27-headed Lernaean hydra bites you but does no damage. x4
The 27-headed Lernaean hydra completely misses you.
The 27-headed Lernaean hydra bites you!
* * * LOW HITPOINT WARNING * * *
The 27-headed Lernaean hydra misses you.
The 27-headed Lernaean hydra bites you.
* * * LOW HITPOINT WARNING * * *
The 27-headed Lernaean hydra bites you.
* * * LOW HITPOINT WARNING * * *
The 27-headed Lernaean hydra bites you but does no damage. x2
The 27-headed Lernaean hydra bites you!
* * * LOW HITPOINT WARNING * * *
The 27-headed Lernaean hydra bites you!
* * * LOW HITPOINT WARNING * * *
The 27-headed Lernaean hydra bites you!
* * * LOW HITPOINT WARNING * * *
The 27-headed Lernaean hydra bites you.
* * * LOW HITPOINT WARNING * * *
The 27-headed Lernaean hydra bites you!
* * * LOW HITPOINT WARNING * * *
You lop one of the 27-headed Lernaean hydra's heads off!
The flame cauterises the wound!
You cut the 26-headed Lernaean hydra into ribbons!!!
You burn the 26-headed Lernaean hydra!!
The 26-headed Lernaean hydra is severely wounded.
You barely miss the 26-headed Lernaean hydra.
You headbutt the 26-headed Lernaean hydra!!
The 26-headed Lernaean hydra is severely wounded.
The 26-headed Lernaean hydra bites you but does no damage. x3
The 26-headed Lernaean hydra bites you!
* * * LOW HITPOINT WARNING * * *
The 26-headed Lernaean hydra completely misses you.
The 26-headed Lernaean hydra bites you!
You die...

........▓#≈♣♣
......≈≈▓#♣.♣
...P.≈≈≈▓
♣.♣♣ #####
≈..≈≈≈≈≈▓
♣♣.♣ ...φ#
≈≈≈≈≈≈≈≈▓
♣≈♣♣ ....#
≈≈≈≈≈≈≈≈▓
♣.♣♣ DD≈.#
≈≈≈≈≈≈≈≈▓
♣..♣♣#≈D.#
≈≈≈≈≈≈≈≈▓
♣♣.♣♣D####♣♣
≈≈≈≈≈≈≈≈▓
♣♣.♣♣@....♣
≈≈≈≈≈≈≈≈▓
♣♣..♣♣♣♣♣♣.♣
≈≈≈≈≈≈≈≈▓
♣.†≈.≈§..§.♣
≈≈≈≈≈≈≈≈▓
♣...P≈.§§§≈♣
.....≈≈≈▓
♣.♣≈.§.≈§P≈♣
∩∩.∩..≈≈▓
♣♣♣♣♣♣♣♣§§∩♣
▓▓▓▓▓▓▓▓▓
♣♣♣♣♣


You could see the 26-headed Lernaean hydra.

Vanquished Creatures
  Rupert (D)
  A kraken (D)
  Gastronok (D)
  Dowan (D)
  2 dire elephants (D)
  Josephine (D)
  2 hydras (D)
  A centaur warrior (D)
  3 alligator snapping turtles (D)
  4 death yaks (D)
  Urug (D)
  A lindwurm (D)
  2 swamp dragons (D)
  A spriggan druid (D)
  A deep elf pyromancer (D)
  2 elephants (D)
  2 black mambas (D)
  Duvessa (D)
  2 cane toads (D)
  A komodo dragon (D)
  An unseen horror (D)
  A rime drake (D)
  A queen bee (D)
  2 tyrant leeches (D)
  3 snapping turtles (D)
  8 blink frogs (D)
  2 spriggans (D)
  A shadow (D)
  3 wandering mushrooms (D)
  3 redbacks (D)
  A spatial vortex (D)
  An orc warrior (D)
  3 swamp drakes (D)
  A necrophage (D)
  2 centaurs (D)
  An earth elemental (D)
  A water elemental (D)
  32 killer bees (D)
  An electric eel (D)
  A jelly (D)
  2 orc priests (D)
  Jessica (D)
  A wizard (D)
  A necromancer (D)
  A kobold demonologist (D)
  3 humans (D)
  A wolf (D)
  5 orcs (D)
  An endoplasm (D)
  2 rats (D)
  A plant (D)
  4 tentacles (D)
123 creatures vanquished.

Vanquished Creatures (collateral kills)
  An orc high priest (D)
  A death drake (D)
  2 orc sorcerers (D)
  2 orc warriors (D)
  3 orc priests (D)
  2 orcs (D)
11 creatures vanquished.

Vanquished Creatures (others)
  2 fungi (D)
  14 plants (D)
  7 tentacles (D)
23 creatures vanquished.

Grand Total: 157 creatures vanquished

Notes
Turn   | Place    | Note
-------+----------+-------------------------------------------
     0 | D        | boopmooplesden the Minotaur Berserker began the quest for
                  | the Orb.
     0 | D        | Reached XP level 1. HP: 19/19 MP: 0/0
     9 | D        | Reached skill level 4 in Axes
    20 | D        | Noticed Jessica
    24 | D        | Killed Jessica
    24 | D        | Reached ** piety under Trog
    25 | D        | Reached skill level 5 in Fighting
    25 | D        | Reached skill level 5 in Axes
    25 | D        | Reached XP level 2. HP: 26/30 MP: 1/1
    31 | D        | Reached XP level 3. HP: 33/37 MP: 2/2
    40 | D        | Reached skill level 6 in Axes
   210 | D        | Noticed a water elemental
   218 | D        | Killed a water elemental
   218 | D        | Reached *** piety under Trog
   219 | D        | Reached skill level 8 in Axes
   219 | D        | Reached XP level 4. HP: 18/48 MP: 3/3
   442 | D        | Found a shadowy altar of Dithmenos.
   442 | D        | Noticed a necrophage
   445 | D        | Reached XP level 5. HP: 53/53 MP: 4/4
   447 | D        | Killed a necrophage
   448 | D        | Reached skill level 10 in Axes
   448 | D        | Reached skill level 5 in Armour
   448 | D        | Found a basalt altar of Yredelemnul.
   448 | D        | Found a sacrificial altar of Ru.
   539 | D        | Found a hide-covered altar of Uskayaw.
   539 | D        | Found an iron altar of Okawaru.
   541 | D        | Found a bloodstained altar of Trog.
   541 | D        | Found an ornate altar of the Wu Jian Council.
   541 | D        | Noticed a human
   541 | D        | Noticed a human
   547 | D        | Killed a human
   547 | D        | Reached **** piety under Trog
   548 | D        | Reached skill level 10 in Fighting
   548 | D        | Reached skill level 11 in Axes
   548 | D        | Reached skill level 5 in Dodging
   548 | D        | Reached XP level 6. HP: 66/66 MP: 5/5
   553 | D        | Killed a human
   554 | D        | Reached skill level 12 in Axes
   554 | D        | Reached skill level 1 in Stealth
   744 | D        | Found a radiant altar of Vehumet.
   745 | D        | Found a shimmering blue altar of Sif Muna.
   745 | D        | Found an ancient bone altar of Kikubaaqudgha.
   748 | D        | Reached XP level 7. HP: 74/74 MP: 6/6
   749 | D        | Reached ***** piety under Trog
   891 | D        | Found a glowing silver altar of Zin.
   893 | D        | Found a glowing golden altar of the Shining One.
   893 | D        | Found a white marble altar of Elyvilon.
   893 | D        | Noticed a deep elf pyromancer
   900 | D        | Killed a deep elf pyromancer
   901 | D        | Reached skill level 14 in Axes
   954 | D        | Noticed a shadow
   959 | D        | Killed a shadow
   960 | D        | Reached XP level 8. HP: 70/85 MP: 7/7
  1148 | D        | Found a blossoming altar of Fedhas.
  1148 | D        | Found a stormy altar of Qazlal.
  1148 | D        | Found a snail-covered altar of Cheibriados.
  1148 | D        | Found a burning altar of Makhleb.
  1148 | D        | Found a shimmering altar of Xom.
  1149 | D        | Found a hazy altar of Hepliaklqana.
  1149 | D        | Found an opulent altar of Gozag.
  1149 | D        | Found a sparkling altar of Nemelex Xobeh.
  1149 | D        | Found a corrupted altar of Lugonu.
  1149 | D        | Found a viscous altar of Jiyva.
  1166 | D        | Reached skill level 1 in Long Blades
  1203 | D        | Noticed Josephine
  1213 | D        | Killed Josephine
  1213 | D        | Received a gift from Trog
  1214 | D        | Reached skill level 15 in Axes
  1297 | D        | Reached skill level 16 in Axes
  1301 | D        | Noticed a centaur warrior
  1307 | D        | Reached XP level 9. HP: 49/95 MP: 2/8
  1308 | D        | Killed a centaur warrior
  1309 | D        | Reached skill level 17 in Axes
  1575 | D        | Found Kiacsu's Armour Shop.
  1576 | D        | Noticed an orc sorcerer
  1576 | D        | Noticed an orc sorcerer
  1576 | D        | Noticed an orc high priest
  1578 | D        | Reached ****** piety under Trog
  1581 | D        | Received a gift from Trog
  1581 | D        | Killed an orc sorcerer
  1582 | D        | Killed an orc high priest
  1583 | D        | Reached skill level 15 in Fighting
  1583 | D        | Reached skill level 18 in Axes
  1583 | D        | Reached XP level 10. HP: 71/105 MP: 3/9
  1583 | D        | Paralysed by an orc sorcerer for 5 turns
  1583 | D        | Killed an orc sorcerer
  1584 | D        | Reached skill level 5 in Stealth
  1586 | D        | Identified the +4 battleaxe "Fyexapso" {vorpal, Will+}
                  | (Trog gifted it to you in the Dungeon)
  1586 | D        | Received a gift from Trog
  1653 | D        | Bought a +2 scale mail of poison resistance for 234 gold
                  | pieces
  2147 | D        | Received a gift from Trog
  2148 | D        | Received a gift from Trog
  2149 | D        | Reached skill level 1 in Evocations
  2150 | D        | Reached skill level 19 in Axes
  2159 | D        | Received a gift from Trog
  2173 | D        | Received a gift from Trog
  2251 | D        | Noticed Dowan
  2251 | D        | Noticed Duvessa
  2271 | D        | Killed Dowan
  2272 | D        | Reached skill level 10 in Dodging
  2282 | D        | Killed Duvessa
  2282 | D        | Received a gift from Trog
  2599 | D        | Reached XP level 11. HP: 99/116 MP: 10/10
  2606 | D        | Reached skill level 20 in Axes
  2751 | D        | Received a gift from Trog
  2776 | D        | Reached skill level 10 in Armour
  2998 | D        | Noticed a dire elephant
  2998 | D        | Noticed a dire elephant
  2998 | D        | Noticed Gastronok
  3006 | D        | Killed a dire elephant
  3007 | D        | Reached skill level 21 in Axes
  3008 | D        | Received a gift from Trog
  3016 | D        | Killed a dire elephant
  3029 | D        | Killed Gastronok
  3352 | D        | Noticed an azure jelly
  3352 | D        | Noticed an azure jelly
  3352 | D        | Noticed an azure jelly
  3353 | D        | Noticed an azure jelly
  3355 | D        | Noticed Rupert
  3368 | D        | Killed Rupert
  3369 | D        | Reached skill level 22 in Axes
  3398 | D        | Noticed a death yak
  3399 | D        | Noticed a death yak
  3405 | D        | Killed a death yak
  3406 | D        | Noticed a death yak
  3407 | D        | Noticed a death yak
  3409 | D        | Reached XP level 12. HP: 91/130 MP: 11/11
  3410 | D        | Killed a death yak
  3410 | D        | Received a gift from Trog
  3422 | D        | Killed a death yak
  3425 | D        | Killed a death yak
  3463 | D        | Received a gift from Trog
  3782 | D        | Noticed a kraken
  3810 | D        | Killed a kraken
  3894 | D        | Reached skill level 23 in Axes
  4022 | D        | Noticed an alligator snapping turtle
  4022 | D        | Noticed an alligator snapping turtle
  4023 | D        | Found Wilat's Jewellery Shop.
  4023 | D        | Found Kygier's Antique Weapon Boutique.
  4023 | D        | Found Wyatwi's Distillery.
  4023 | D        | Noticed an alligator snapping turtle
  4264 | D        | Killed an alligator snapping turtle
  4630 | D        | Killed an alligator snapping turtle
  4631 | D        | Reached skill level 15 in Armour
  4660 | D        | Killed an alligator snapping turtle
  4970 | D        | Got a barnacled rune of Zot
  4972 | D        | Bought an amulet of the acrobat for 330 gold pieces
  4972 | D        | Bought a ring of protection from fire for 275 gold pieces
  5040 | D        | Received a gift from Trog
  5083 | D        | Noticed Urug
  5090 | D        | Killed Urug
  5090 | D        | Received a gift from Trog
  5392 | D        | Noticed a seven-headed hydra
  5392 | D        | Noticed a seven-headed hydra
  5397 | D        | Killed a six-headed hydra
  5399 | D        | Killed a five-headed hydra
  5413 | D        | HP: 5/136 [death drake/foul vapour (15)]
  5422 | D        | Reached skill level 24 in Axes
  5616 | D        | Found a blossoming altar of Fedhas.
  5629 | D        | Received a gift from Trog
  5653 | D        | Found Lounen's Book Emporium.
  5653 | D        | Found Mit Huebuwk's Magic Scroll Shop.
  5667 | D        | Reached XP level 13. HP: 145/145 MP: 12/12
  5667 | D        | Found Pohesm's Antique Armour Shoppe.
  5677 | D        | Bought a faintly humming plate armour for 700 gold pieces
  5677 | D        | Identified the +9 plate armour of the Imp {Int-3 Dex+8}
                  | (You bought it in a shop in the Dungeon)
  5729 | D        | Noticed the 27-headed Lernaean hydra
  5739 | D        | HP: 6/217 [the 26-headed Lernaean hydra (8)]
  5739 | D        | Slain by the 26-headed Lernaean hydra

Illustrated notes

Levels and vault maps discovered:
D:        dungeon_sprint_mu [sprint_mu_entry_cave, sprint_mu_temple_rooms,
          sprint_mu_d1_horrors, sprint_mu_d2_genie, sprint_mu_d3_branching,
          sprint_mu_orc_legion, sprint_mu_elf_gauntlet, sprint_mu_hive_nellie,
          sprint_mu_lair_fedhas, sprint_mu_vaults_butterflies,
          sprint_mu_slime_circle, sprint_mu_swamp_cave, sprint_mu_shoals_kraken,
          sprint_mu_blade_basic, sprint_mu_crypt_chambers,
          sprint_mu_tomb_spiral, sprint_mu_vestibule_basic,
          sprint_mu_gehenna_hellfire, sprint_mu_dis_giant,
          sprint_mu_tartarus_statrot, sprint_mu_cocytus_islands, sprint_mu_zot1]

Skill      XL: |  1  2  3  4  5  6  7  8  9 10 11 12 |
---------------+-------------------------------------+-----
Fighting       | 5 7 8 10 11 12 14 15 16 19 22 | 22.0
Axes           | 5 8 11 12 14 16 18 19 22 24 | 24.4
Armour         | 3 4 5 6 8 13 16 | 16.1
Dodging        | 4 5 6 7 8 10 11 12 | 12.8
Stealth        | 1 2 3 4 6 |  6.7
Long Blades    | 4 7 9 |  9.8
Evocations     | 1 |  1.9

Action                   |  1- 3 |  4- 6 |  7- 9 | 10-12 | 13-15 || total
-------------------------+-------+-------+-------+-------+-------++-------
Melee: Hand axe          |    25 |    16 |     8 |       |       ||    49
       Headbutt          |     5 |     2 |    13 |    67 |     3 ||    90
       Long sword        |       |       |    22 |       |       ||    22
       Battleaxe         |       |       |    14 |   240 |       ||   254
       Punch             |       |       |     1 |       |       ||     1
       Executioner's axe |       |       |       |    58 |    14 ||    72
Invok: Berserk           |     2 |     3 |     3 |     9 |     1 ||    18
       Brothers in Arms  |       |       |     2 |     2 |       ||     4
       Trog's Hand       |       |       |       |     2 |       ||     2
Evoke: Tin of tremorston |       |       |     1 |     2 |       ||     3
  Use: Potion            |       |       |       |     6 |       ||     6
       Scroll            |       |       |       |     1 |     2 ||     3
 Stab: Sleeping          |       |       |     2 |     3 |       ||     5
Armor: Animal skin       |     1 |     1 |    10 |       |       ||    12
       Scale mail        |       |       |       |    65 |    26 ||    91
Dodge: Dodged            |     9 |     5 |    34 |   172 |    26 ||   246
